 Dungeon Crawl Stone Soup version 0.20.1-1-g8b1a95d (webtiles) character file.

31840 Haldmier the Grappler (level 13, -1/124 HPs)
             Began as a Troll Transmuter on July 3, 2017.
             Was a High Priest of Cheibriados.
             Shot with an arrow by Nessos (12 damage)
             ... on level 5 of the Lair of Beasts.
             The game lasted 01:14:45 (14333 turns).

Haldmier the Grappler (Troll Transmuter)           Turns: 14333, Time: 01:14:45

Health: -1/124     AC: 11    Str: 36    XL:     13   Next: 28%
Magic:  16/16      EV: 17    Int: 33    God:    Cheibriados [*****.]
Gold:   728        SH:  0    Dex: 25    Spells: 5/18 levels left

rFire    + . .     SeeInvis .     - Unarmed
rCold    . . .     Gourm    +   (no shield)
rNeg     . . .     Faith    .   M - +4 robe of Augmentation {Str+4 Int+4 Dex+4}
rPois    .         Spirit   .   o - +2 hat
rElec    .         Reflect  .   (no cloak)
rCorr    .         Harm     .   (gloves unavailable)
MR       .....                  (boots unavailable)
Stlth    ++........             (no amulet)
Regen    0.7/turn               O - +5 ring of intelligence
MPRegen  0.2/turn               x - ring of protection from fire

@: lethally poisoned (-1 -> -8), very slow
A: unfitting armour, claws 3, fast metabolism 3, gourmand, regeneration 1,
shaggy fur 1, tough skin 2
a: Bend Time, Temporal Distortion, Slouch, Step From Time, Renounce Religion


You were on level 5 of the Lair of Beasts.
You worshipped Cheibriados.
Cheibriados was extremely pleased with you.
You were full.

You visited 3 branches of the dungeon, and saw 17 of its levels.
You also visited: Ossuary.

You collected 794 gold pieces.
You spent 66 gold pieces at shops.

Inventory:

Hand Weapons
 b - a +5 shortbow of velocity
 k - a +4 scimitar of flaming
Missiles
 a - 218 arrows
 f - a throwing net (quivered)
 h - 5 javelins
 G - 5 tomahawks
Armour
 o - a +2 hat (worn)
 M - the +4 robe of Augmentation (worn) {Str+4 Int+4 Dex+4}
   (You found it on level 9 of the Dungeon)

   It affects your strength (+4).
   It affects your intelligence (+4).
   It affects your dexterity (+4).
Jewellery
 l - an uncursed ring of fire
 w - an uncursed ring of see invisible
 x - a ring of protection from fire (right claw)
 O - a +5 ring of intelligence (left claw)
 U - an uncursed ring of positive energy
Wands
 m - a wand of disintegration (8/24)
 A - a wand of acid (7/15)
 E - a wand of confusion (11/48)
 L - a wand of lightning (8/15)
Scrolls
 c - a scroll of enchant weapon
 g - 3 scrolls of remove curse
 j - a scroll of enchant armour
 y - a scroll of recharging
 D - a scroll of immolation
 I - 7 scrolls of teleportation
 J - 2 scrolls of fear
 W - 4 scrolls of magic mapping
Potions
 e - 3 potions of might
 p - a potion of magic {unknown}
 q - 5 potions of haste {unknown}
 r - 4 potions of flight {unknown}
 s - a potion of agility {unknown}
 t - 3 potions of brilliance
 u - 3 potions of heal wounds {unknown}
 v - 2 potions of ambrosia {unknown}
 z - 5 potions of lignification
 B - 3 potions of invisibility {unknown}
 C - 9 potions of curing
 F - 2 potions of resistance {unknown}
 N - 2 potions of degeneration {unknown}
Miscellaneous
 S - a phial of floods
Comestibles
 d - 11 bread rations
 i - 9 fruits
 n - 8 meat rations
 H - a chunk of flesh
 K - 8 royal jellies


   Skills:
 + Level 7.4 Fighting
 + Level 7.4 Dodging
 * Level 12.9 Unarmed Combat
 + Level 3.0 Spellcasting
 + Level 7.1 Transmutations
 - Level 5.0 Ice Magic
 * Level 4.5 Earth Magic
 + Level 5.7 Invocations


You had 5 spell levels left.
You knew the following spells:

 Your Spells              Type           Power        Failure   Level  Hunger
a - Beastly Appendage     Tmut           ######       1%          1    None
b - Sticks to Snakes      Tmut           ######..     1%          2    None
c - Ice Form              Ice/Tmut       #####...     4%          4    ####...
d - Statue Form           Tmut/Erth      #####....    61%         6    #######


Dungeon Overview and Level Annotations

Branches:
Dungeon (10/15)            Temple (1/1) D:4            Lair (6/6) D:10
  Swamp (0/4) Lair:2       Spider (0/4) Lair:2          Orc (0/2) D:10
  Slime: Lair:5-6

Altars:
Ashenzari
Cheibriados
Dithmenos
Elyvilon
Fedhas
Gozag
Hepliaklqana
Kikubaaqudgha
Makhleb
Nemelex Xobeh
Okawaru
Qazlal
Ru
Sif Muna
Trog
Uskayaw
Vehumet
Xom
Yredelemnul
Zin
The Shining One

Shops:
D:6 :   D:10 *

Annotations:
D:9 Scrolls behind Grate - Digging
Lair:1 exclusion: oklob plant
Lair:5 Nessos


Innate Abilities, Weirdness & Mutations

You are too large for most types of armour.
You have claws for hands.
Your metabolism is lightning-fast.
You like to eat raw meat.
Your natural rate of healing is unusually fast.
You are covered in fur. (AC +1)
You have very tough skin. (AC +2)


Message History

Nessos gestures wildly while chanting.
Nessos seems to speed up.
Nessos shoots an arrow.
The arrow hits you!! The arrow burns you.
You feel sick.
Nessos blinks!
Nessos shoots an arrow.
The arrow hits you!! The arrow burns you.
You are more poisoned.
Nessos shoots an arrow.
The arrow barely misses you.
You see here 2 arrows.
You feel very sick.
Nessos blinks!
Nessos shoots an arrow.
The arrow hits you!
* * * LOW HITPOINT WARNING * * *
The arrow burns you.
* * * LOW HITPOINT WARNING * * *
There is a stone staircase leading up, spattered with blood here.
You feel sick.
Nessos shoots an arrow.
The arrow hits you!!
* * * LOW HITPOINT WARNING * * *
The arrow burns you.
* * * LOW HITPOINT WARNING * * *
Nessos shoots an arrow.
The arrow hits you!
You die...

.....#....#......♣♣♣♣.......#
#...#.....P...............###
##...#....P.(.....##..#...#####
....#....................≈#...#
......................≈≈≈≈≈≈..#
........................≈..≈≈.#
.#......................≈..≈≈##
#.....#....#.(...#...≈.≈≈...≈.##
...............(@.....≈≈≈≈≈≈≈...
........≈≈≈...........#≈.≈≈.≈.#
........§#≈...[...........≈≈..#
........≈≈≈...................#
......................#..#P...#
.....................##########
.............c.....§.#
..........[..........#
..............#P.....#


You could see Nessos.

Vanquished Creatures
  Erica (Lair:1)
  3 hydras
  A catoblepas (Lair:6)
  A two-headed ogre (D:10)
  A death yak (Lair:4)
  A skeletal warrior (Lair:4)
  A flayed ghost (D:9)
  An unseen horror (D:10)
  3 phantasmal warriors (Lair:4)
  An oklob plant (Lair:5)
  The ghost of vishdafish the Fortune-Teller, a novice DsFi of Nemelex Xobeh (D:7)
  An orb spider (Lair:2)
  3 black mambas
  7 spiny frogs
  6 komodo dragons
  2 rime drakes
  A troll (D:10)
  4 hippogriffs
  A polar bear (Lair:5)
  A hornet (D:8)
  20 blink frogs
  5 dream sheep (Lair:4)
  2 flying skulls (Lair:6)
  5 wraiths
  A spriggan (Lair:4)
  Sigmund (D:5)
  2 vampires
  A shadow (D:9)
  17 yaks
  A basilisk (Lair:3)
  2 fire bats (D:9)
  A wyvern (Lair:3)
  2 hungry ghosts (D:10)
  5 swamp worms (Lair:2)
  11 water moccasins
  2 orc warriors
  6 sky beasts
  3 ice beasts
  10 porcupines
  The ghost of Quirk the Slasher, an amateur DgFi (D:3)
  4 ogres
  2 necrophages (D:9)
  4 centaurs
  8 crocodiles
  2 big kobolds
  Blork the orc (D:5)
  9 bullfrogs
  A gnoll sergeant (D:8)
  A wyvern zombie (D:6)
  2 troll zombies (D:10)
  A scorpion (D:5)
  5 killer bees
  4 wights
  An electric eel (Lair:2)
  2 vampire bats (Lair:5)
  4 crimson imps
  3 centaur zombies
  2 human zombies (Ossuary)
  12 jellies
  3 orc priests
  A centaur skeleton (D:5)
  4 hounds
  6 orc wizards
  Natasha (thrice) (D:2)
  3 iguanas
  11 worker ants
  A killer bee zombie (D:9)
  2 big kobold zombies (Ossuary)
  5 ogre zombies (D:10)
  4 hound zombies
  A hound skeleton (D:8)
  3 mummies (Ossuary)
  A worker ant zombie (D:8)
  3 gnolls (D:8)
  9 adders
  A shadow imp (D:6)
  4 adder zombies
  11 oozes
  2 adder skeletons
  3 worms
  4 dart slugs
  3 leopard geckos
  23 orcs
  20 bats
  5 giant cockroaches
  A gnoll zombie (Ossuary)
  5 goblins
  7 hobgoblins
  5 jackals
  11 kobolds
  4 quokkas
  A ball python skeleton (D:5)
  5 frilled lizards
  A goblin skeleton (D:10)
  2 goblin zombies
  11 hobgoblin zombies
  A jackal skeleton (D:4)
  A jackal zombie (Ossuary)
  7 kobold zombies (Ossuary)
  A leopard gecko skeleton (D:4)
  2 leopard gecko zombies (D:7)
  4 orc skeletons (D:10)
  11 orc zombies
  2 quokka zombies (Ossuary)
  6 rats
  3 rat zombies (Ossuary)
  A fungus (Lair:6)
435 creatures vanquished.

Vanquished Creatures (collateral kills)
  A wolf spider zombie (D:10)
  A queen bee (D:10)
  5 yaks
  2 porcupines (Lair:1)
  A phantom (D:10)
  A troll zombie (D:10)
  9 killer bees (D:10)
  2 adders
  A frilled lizard (D:5)
  A hobgoblin skeleton (D:10)
  A hobgoblin zombie (D:10)
  6 orc zombies (D:10)
31 creatures vanquished.

Vanquished Creatures (others)
  5 dream sheep (Lair:2)
  3 flying skulls (D:10)
  A wight (Lair:1)
  12 fungi
  3 plants
24 creatures vanquished.

Grand Total: 490 creatures vanquished

Notes
Turn   | Place    | Note
-------+----------+-------------------------------------------
     0 | D:1      | Haldmier the Troll Transmuter began the quest for the Orb.
     0 | D:1      | Reached XP level 1. HP: 18/18 MP: 1/1
    59 | D:1      | Reached skill level 1 in Fighting
   139 | D:1      | Reached XP level 2. HP: 23/27 MP: 2/2
   653 | D:2      | Reached XP level 3. HP: 26/33 MP: 3/3
   854 | D:2      | Noticed Natasha
   864 | D:2      | Killed Natasha
   864 | D:2      | Reached skill level 4 in Unarmed Combat
   864 | D:2      | Reached XP level 4. HP: 41/41 MP: 2/4
   992 | D:2      | Noticed Natasha
   997 | D:2      | Killed Natasha
  1080 | D:2      | Noticed Natasha
  1092 | D:2      | Killed Natasha
  1092 | D:2      | Reached XP level 5. HP: 40/49 MP: 3/5
  1283 | D:3      | Noticed Quirk's ghost (amateur DgFi)
  1314 | D:3      | Killed Quirk's ghost
  1314 | D:3      | Reached skill level 5 in Unarmed Combat
  1318 | D:3      | Learned a level 2 spell: Sticks to Snakes
  1382 | D:3      | Reached XP level 6. HP: 57/57 MP: 6/6
  1432 | D:3      | Learned a level 4 spell: Ice Form
  1525 | D:3      | Found a stormy altar of Qazlal.
  1628 | D:4      | Found a staircase to the Ecumenical Temple.
  1662 | Temple   | Entered the Ecumenical Temple
  2175 | D:4      | Found an iron altar of Okawaru.
  2572 | D:5      | Entered Level 5 of the Dungeon
  2621 | D:5      | Noticed a sky beast
  2644 | D:5      | Killed a sky beast
  2685 | D:5      | Reached XP level 7. HP: 66/66 MP: 5/7
  2757 | D:5      | Reached skill level 6 in Unarmed Combat
  2916 | D:5      | Noticed Sigmund
  3037 | D:5      | Noticed Blork the orc
  3051 | D:5      | Killed Blork the orc
  3051 | D:5      | Reached skill level 1 in Ice Magic
  3051 | D:5      | Reached XP level 8. HP: 69/75 MP: 4/8
  3227 | D:5      | Killed Sigmund
  3232 | D:5      | Found a white marble altar of Elyvilon.
  3257 | D:5      | Reached skill level 7 in Unarmed Combat
  3296 | D:5      | Found a basalt altar of Yredelemnul.
  3304 | D:5      | Became a worshipper of Yredelemnul the Dark
  3389 | D:6      | Found Kaepomad's Book Boutique.
  3996 | D:6      | Found a sparkling altar of Nemelex Xobeh.
  4135 | D:7      | Reached XP level 9. HP: 62/84 MP: 6/9
  4162 | D:7      | Found a hazy altar of Hepliaklqana.
  4163 | D:7      | Found a shimmering altar of Xom.
  4164 | D:7      | Noticed a spectral ugly thing
  4211 | D:7      | Found a sand-covered staircase.
  4212 | D:7      | Noticed vishdafish's ghost (novice DsFi)
  4248 | Ossuary  | Entered an ossuary
  4263 | Ossuary  | Reached * piety under Yredelemnul
  4485 | Ossuary  | Reached skill level 8 in Unarmed Combat
  4526 | Ossuary  | Reached ** piety under Yredelemnul
  4689 | D:7      | Killed vishdafish's ghost
  4822 | D:7      | Found a sacrificial altar of Ru.
  5390 | D:8      | Reached skill level 9 in Unarmed Combat
  5484 | D:8      | Found a snail-covered altar of Cheibriados.
  5502 | D:8      | Found a hide-covered altar of Uskayaw.
  5517 | D:8      | Found a blossoming altar of Fedhas.
  5529 | D:8      | Found an ancient bone altar of Kikubaaqudgha.
  5687 | D:8      | Reached *** piety under Yredelemnul
  5696 | D:8      | Reached skill level 5 in Dodging
  5928 | D:8      | Reached XP level 10. HP: 93/94 MP: 10/10
  6072 | D:9      | Reached skill level 5 in Fighting
  6270 | D:9      | Found a glowing golden altar of the Shining One.
  6279 | D:9      | Found a runed door.
  6301 | D:9      | Found a glowing silver altar of Zin.
  6316 | D:9      | Found a shadowy altar of Dithmenos.
  6352 | D:9      | Reached skill level 5 in Transmutations
  6370 | D:9      | Found a radiant altar of Vehumet.
  6405 | D:9      | Found a glowing golden altar of the Shining One.
  6431 | D:9      | Reached skill level 10 in Unarmed Combat
  6451 | D:9      | Noticed a flayed ghost
  6457 | D:9      | Killed a flayed ghost
  6463 | D:9      | Identified the Disquisition on Contamination and Dark Rituals
  6475 | D:9      | Found a burning altar of Makhleb.
  6481 | D:9      | Received a gift from Yredelemnul (3 flying skulls)
  6804 | D:9      | Found a glowing silver altar of Zin.
  7024 | D:10     | Entered Level 10 of the Dungeon
  7185 | D:10     | Found Ediem's Assorted Antiques.
  7193 | D:10     | Bought a scroll labeled GUTAHY ZEOCKITS for 22 gold pieces
  7193 | D:10     | Bought a scroll labeled JYITONLAME for 22 gold pieces
  7193 | D:10     | Bought a scroll labeled QUOBAP LENUXT for 22 gold pieces
  7290 | D:10     | Reached skill level 1 in Invocations
  7387 | D:10     | Noticed an unseen horror
  7399 | D:10     | Killed an unseen horror
  7399 | D:10     | Reached **** piety under Yredelemnul
  7411 | D:10     | Found a staircase to the Orcish Mines.
  7455 | D:10     | Reached XP level 11. HP: 105/105 MP: 9/11
  7677 | D:10     | Noticed a two-headed ogre
  7687 | D:10     | Killed a two-headed ogre
  8047 | D:10     | Found a staircase to the Lair.
  8052 | D:10     | Received a gift from Yredelemnul (a wight)
  8096 | Lair:1   | Entered Level 1 of the Lair of Beasts
  8142 | Lair:1   | Noticed Erica
  8162 | Lair:1   | Reached skill level 11 in Unarmed Combat
  8163 | Lair:1   | Killed Erica
  8278 | Lair:1   | Reached ***** piety under Yredelemnul
  8357 | Lair:1   | Received a gift from Yredelemnul (a wight)
  8580 | Lair:1   | Reached skill level 5 in Ice Magic
  8929 | Lair:1   | Noticed an oklob plant
  9097 | Lair:2   | Found a shimmering altar of Xom.
  9207 | Lair:2   | Found a hole to the Spider Nest.
  9207 | Lair:2   | Noticed an orb spider
  9222 | Lair:2   | Killed an orb spider
  9331 | Lair:2   | Received a gift from Yredelemnul (a wight)
  9334 | Lair:2   | Reached XP level 12. HP: 26/115 MP: 13/13
  9550 | Lair:2   | Noticed a six-headed hydra
  9558 | Lair:2   | Killed a six-headed hydra
  9558 | Lair:2   | Reached skill level 12 in Unarmed Combat
  9798 | D:8      | Fell from the grace of Yredelemnul
  9802 | D:8      | Became a worshipper of Cheibriados the Contemplative
  9892 | Lair:1   | Learned a level 6 spell: Statue Form
 10191 | Lair:2   | Found a staircase to the Swamp.
 10499 | Lair:3   | Noticed a seven-headed hydra
 10502 | Lair:3   | Noticed a four-headed hydra
 10512 | Lair:3   | Killed a seven-headed hydra
 10512 | Lair:3   | Reached skill level 1 in Earth Magic
 10515 | Lair:3   | Killed a four-headed hydra
 10529 | Lair:3   | Reached * piety under Cheibriados
 10807 | Lair:3   | Found a glowing golden altar of the Shining One.
 11590 | Lair:4   | Reached ** piety under Cheibriados
 11730 | Lair:4   | Noticed a death yak
 11735 | Lair:4   | Killed a death yak
 11735 | Lair:4   | Reached skill level 5 in Invocations
 12146 | Lair:4   | Noticed a reaper
 12155 | Lair:4   | HP: 2/118 [reaper/scythe of protection[the anger of Yredelemnul] (34)]
 13212 | Lair:5   | Reached XP level 13. HP: 117/124 MP: 16/16
 13249 | Lair:5   | Reached *** piety under Cheibriados
 13518 | Lair:5   | Reached **** piety under Cheibriados
 13740 | Lair:5   | Noticed Nessos
 13754 | Lair:6   | Entered Level 6 of the Lair of Beasts
 14226 | Lair:6   | Reached ***** piety under Cheibriados
 14333 | Lair:5   | Shot with an arrow by Nessos

Skill      XL: |  1  2  3  4  5  6  7  8  9 10 11 12 13 |
---------------+----------------------------------------+-----
Fighting       | 1 2 3 4 5 6 7 |  7.4
Dodging        | 2 3 4 5 6 7 |  7.4
Unarmed Combat | 4 5 6 7 9 10 11 12 | 12.9
Transmutations | 2 3 4 5 6 7 |  7.1
Ice Magic      | 1 2 3 4 5 |  5.0
Invocations    | 1 3 5 |  5.7
Spellcasting   | 2 3 |  3.0
Earth Magic    | 3 4 |  4.5

Action                   |  1- 3 |  4- 6 |  7- 9 | 10-12 | 13-15 || total
-------------------------+-------+-------+-------+-------+-------++-------
Melee: Unarmed           |    73 |   111 |   445 |   610 |   115 ||  1354
       Punch             |     1 |     1 |    18 |    42 |    13 ||    75
       Kick              |     1 |     5 |    30 |    58 |    25 ||   119
       Headbutt          |       |     3 |    20 |    63 |    10 ||    96
 Fire: Shortbow          |       |       |     8 |       |       ||     8
Throw: Tomahawk          |       |       |       |     2 |       ||     2
       Javelin           |       |       |       |     1 |       ||     1
 Cast: Beastly Appendage |     1 |     8 |    31 |    56 |    14 ||   110
       Sticks to Snakes  |       |     2 |     3 |     6 |       ||    11
       Ice Form          |       |       |       |     2 |       ||     2
Invok: Recall Undead Sla |       |       |       |     1 |       ||     1
       Bend Time         |       |       |       |     1 |       ||     1
       Renounce Religion |       |       |       |     1 |       ||     1
Evoke: Wand              |       |       |     4 |     3 |       ||     7
       Phial of floods   |       |       |       |     1 |       ||     1
  Use: Scroll            |       |     3 |     9 |    11 |     1 ||    24
       Potion            |       |       |       |     3 |       ||     3
 Stab: Distracted        |       |       |     1 |     1 |       ||     2
       Confused          |       |       |     1 |       |       ||     1
       Sleeping          |       |       |       |     1 |       ||     1
  Eat: Chunk             |    13 |    15 |    34 |    59 |     6 ||   127
       Royal jelly       |       |       |       |     2 |       ||     2
Armor: Robe              |    33 |    27 |   114 |   146 |    29 ||   349
       Skin              |       |       |       |     4 |       ||     4
Dodge: Dodged            |    56 |    55 |   188 |   297 |    79 ||   675
